 Dungeon Crawl Stone Soup version 0.23-a0-183-gf37f6fb (webtiles) character file.

189 galech the Skirmisher (level 5, -7/42 HPs)
             Began as a Demonspawn Fighter on Sept 21, 2018.
             Mangled by Sigmund
             ... wielding a +1 scythe of protection
              (10 damage)
             ... on level 4 of the Dungeon.
             The game lasted 00:02:48 (2540 turns).

galech the Skirmisher (Demonspawn Fighter)          Turns: 2540, Time: 00:02:49

Health: -7/42      AC:  6    Str: 16    XL:     5   Next: 40%
Magic:  5/5        EV:  9    Int: 10    God:
Gold:   179        SH:  9    Dex: 13    Spells: 4/4 levels left

rFire    . . .     SeeInvis .   a - +0 war axe
rCold    . . .     Gourm    .   c - +0 shield
rNeg     . . .     Faith    .   b - +0 scale mail
rPois    .         Spirit   .   (no helmet)
rElec    .         Reflect  .   (no cloak)
rCorr    .         Harm     .   (no gloves)
MR       .....                  (no boots)
Stlth    ..........             (no amulet)
HPRegen  0.14/turn              r - ring of attention (curse)
MPRegen  0.09/turn              (no ring)

@: no status effects
A: claws 1, repulsion field 1, demonic guardian 1
a: no special abilities


You were on level 4 of the Dungeon.
You were hungry.

You visited 1 branch of the dungeon, and saw 4 of its levels.

You collected 179 gold pieces.

Inventory:

Hand Weapons
 a - a +0 war axe (weapon)
Armour
 b - a +0 scale mail (worn)
 c - a +0 shield (worn)
Jewellery
 r - a cursed ring of attention (left claw)
Wands
 s - a wand of random effects (28)
Scrolls
 e - a scroll of noise {unknown}
 h - 2 scrolls of amnesia {unknown}
 i - 5 scrolls of remove curse {unknown}
 j - 4 scrolls of identify {unknown}
 l - a scroll of magic mapping {unknown}
 m - 2 scrolls of blinking {unknown}
 q - a scroll of random uselessness {unknown}
 t - a scroll of fear {unknown}
 x - 4 scrolls of teleportation {unknown}
Potions
 d - a potion of might
 k - 3 potions of haste {unknown}
 n - a potion of degeneration {unknown}
 o - 2 potions of curing {unknown}
 p - 2 potions of heal wounds {unknown}
 u - a potion of lignification {unknown}
 v - a potion of magic {unknown}
 w - a potion of brilliance {unknown}
Comestibles
 f - 5 rations


   Skills:
 + Level 3.6 Fighting
 + Level 3.6 Axes
 + Level 3.3 Armour
 + Level 0.7 Dodging
 + Level 3.4 Shields


You had 4 spell levels left.
You didn't know any spells.
Your spell library was empty.

Dungeon Overview and Level Annotations

Branches:
Dungeon (4/15)
 Temple: D:4-7

Altars:
Hepliaklqana
Kikubaaqudgha
Nemelex Xobeh
Yredelemnul
Zin

Annotations:
D:4 Sigmund


Innate Abilities, Weirdness & Mutations

You have sharp fingernails.
You are surrounded by a mild repulsion field. (EV +2)
A weak demonic guardian rushes to your aid.


Message History

Something hits you but does no damage.
You barely miss something. Something hits you!
You're too confused to move!
You feel less confused.
You hear some strange, mumbled words.
A magic dart appears from out of thin air!
The magic dart hits you!
Unknown command.
You miss something. Something hits you. The orc hits you with a flail.
* * * LOW HITPOINT WARNING * * *
You miss something. You hit the orc.
Your white imp disappears in a puff of smoke!
Something hits you but does no damage. The orc hits you with a flail.
* * * LOW HITPOINT WARNING * * *
Unknown command.
Your shield prevents you from hitting something.
You hit the orc.
You kill the orc!
Something hits you!
You die...

#........##
#.........###
#........## #........##
#.........###.........#
#.........##...........#
#.......<##............
#.........#...#...#....
##........#..##...###..
##..{5.....##...## ##
##..@)....##...#
##..##..###..# #### .##
.# ##


You could see a friendly iron imp.

Vanquished Creatures
  3 adders (D:3)
  2 dart slugs
  3 leopard geckos
  6 orcs
  5 giant cockroaches
  6 goblins
  13 hobgoblins
  11 jackals
  6 kobolds
  A quokka (D:4)
  12 bats
  6 frilled lizards
  A leopard gecko skeleton (D:4)
  11 rats
86 creatures vanquished.

Vanquished Creatures (collateral kills)
  A howler monkey (D:3)
  A worker ant (D:4)
  An adder (D:3)
3 creatures vanquished.

Grand Total: 89 creatures vanquished

Notes
Turn   | Place    | Note
-------+----------+-------------------------------------------
     0 | D:1      | galech the Demonspawn Fighter began the quest for the Orb.
     0 | D:1      | Reached XP level 1. HP: 18/18 MP: 1/1
    34 | D:1      | Gained mutation: You are surrounded by a mild repulsion
                  | field. (EV +2) [demonic ancestry]
    34 | D:1      | Reached XP level 2. HP: 15/24 MP: 2/2
   282 | D:1      | Reached XP level 3. HP: 26/29 MP: 3/3
  1057 | D:3      | Found a sparkling altar of Nemelex Xobeh.
  1059 | D:3      | Gained mutation: A weak demonic guardian rushes to your
                  | aid. [demonic ancestry]
  1059 | D:3      | Reached XP level 4. HP: 35/35 MP: 4/4
  1833 | D:3      | Found a glowing silver altar of Zin.
  1841 | D:3      | Found a hazy altar of Hepliaklqana.
  1845 | D:3      | Found an ancient bone altar of Kikubaaqudgha.
  2039 | D:4      | Found a basalt altar of Yredelemnul.
  2057 | D:4      | Noticed Sigmund
  2069 | D:3      | Gained mutation: You have sharp fingernails. [demonic
                  | ancestry]
  2069 | D:3      | Reached XP level 5. HP: 18/41 MP: 5/5
  2539 | D:4      | HP: 2/41 [orc/flail (6)]
  2540 | D:4      | Mangled by Sigmund

Vault maps used:
D:1:      lightli_arrival_statue_moat
D:2:      first_ration, minmay_tromino_mix6
D:3:      minmay_overflow_temple_star_quad, nemelex_xobeh_ov_fountains_minmay
D:4:      nicolae_qazlal_style_of_elements, lemuel_tele_altar, uniq_robin,
          uniq_sigmund

Skill      XL: |  1  2  3  4 |
---------------+-------------+-----
Shields        | 3 |  3.4
Axes           | 2 3 |  3.6
Armour         | 3 |  3.3
Fighting       | |  3.6
Dodging        | |  0.7

Action                   |  1- 3 |  4- 6 || total
-------------------------+-------+-------++-------
Melee: War axe           |   113 |    92 ||   205
  Eat: Chunk             |     1 |     4 ||     5
Armor: Scale mail        |    83 |    47 ||   130
Dodge: Dodged            |    64 |    53 ||   117
Block: Shield            |    71 |    60 ||   131

Table legend:
 A = Non-vault XP
 B = Vault XP
 C = Vault XP percentage of total XP
 D = Non-vault monster count
 E = Vault monster count
 F = Vault count percentage of total count
                 A         B        C        D         E       F
            +---------+---------+-------+---------+---------+-------
      Total |     265 |       5 |   1.9 |      86 |       3 |   3.4
            +---------+---------+-------+---------+---------+-------
        D:1 |      49 |       0 |   0.0 |      28 |       0 |   0.0
        D:2 |      32 |       5 |  13.5 |      20 |       3 |  13.0
        D:3 |     139 |       0 |   0.0 |      29 |       0 |   0.0
        D:4 |      45 |       0 |   0.0 |       9 |       0 |   0.0
            +---------+---------+-------+---------+---------+-------
